 Dungeon Crawl Stone Soup version 0.27.0-1-g7a089689b8 (webtiles) character file.

Game seed: 8017703158383245588

186766 inmateoo the Eclecticist (level 17, -18/81 HPs)
             Began as a Spriggan Transmuter on Aug 12, 2021.
             Was the Champion of Hepliaklqana.
             Hit by a silver javelin thrown by a merfolk javelineer (28 damage)
             ... on level 4 of the Shoals.
             The game lasted 01:43:58 (39114 turns).

inmateoo the Eclecticist (Spriggan Transmuter)     Turns: 39114, Time: 01:43:58

Health: -18/81     AC: 12    Str:  7    XL:     17   Next: 85%
Magic:  0/37       EV: 25    Int: 20    God:    Hepliaklqana [******]
Gold:   2092       SH:  7    Dex: 19    Spells: 17/46 levels left

rFire    . . .     SeeInvis +   G - +9 dagger "Atuem" {freeze, Stlth+}
rCold    + . .     Faith    .   y - +0 buckler
rNeg     + . .     Spirit   +   S - +3 troll leather armour
rPois    .         Reflect  .   (helmet restricted)
rElec    .         Harm     .   O - +2 cloak
rCorr    .         Rampage  .   (gloves unavailable)
Will     ++...     Clarity  +   (boots unavailable)
Stlth    +++++++...             q - amulet of guardian spirit
HPRegen  1.23/turn              h - +4 ring of slaying
MPRegen  0.25/turn              g - ring "Seimatsu" {rC+ rN+ Int+3}

@: very slightly contaminated, invisible, very quick
A: reduced essence, very small, no large weapons, unfitting armour, see
invisible, speed 3, iridescent scales 1, clarity
a: Renounce Religion, Recall Ancestor, Ancestor Identity, Transference, Idealise


You were on level 4 of the Shoals.
You worshipped Hepliaklqana.
Hepliaklqana was exalted by your worship.
You visited 5 branches of the dungeon, and saw 28 of its levels.
You also visited: Ice Cave.

You collected 4358 gold pieces.
You spent 2266 gold pieces at shops.

Inventory:

Hand Weapons
 t - a +2 dagger of venom
 G - the +9 dagger "Atuem" (weapon) {freeze, Stlth+}
   (You found it in an ice cave)

   It freezes those it strikes, dealing additional cold damage.
   It can also slow down cold-blooded creatures.
   Stlth:     It makes you more stealthy.
 W - the +10 long sword of Amorality {vorpal, rCorr MP+9}
   (You found it on level 15 of the Dungeon)

   It inflicts extra damage upon your enemies.
   MP:        It affects your magic capacity (+9).
   rCorr:     It protects you from acid and corrosion.
Missiles
 A - 3 throwing nets
 P - 93 poisoned darts (quivered)
Armour
 y - a +0 buckler (worn)
 H - +0 swamp dragon scales
 O - a +2 cloak (worn)
 S - a +3 troll leather armour (worn)
Jewellery
 g - the ring "Seimatsu" (right hand) {rC+ rN+ Int+3}
   (You acquired it on level 2 of the Lair of Beasts)

   [ring of positive energy]

   Int:       It affects your intelligence (+3).
   rC:        It protects you from cold.
   rN:        It protects you from negative energy.
 h - a +4 ring of slaying (left hand)
 p - a ring of resist corrosion
 q - an amulet of guardian spirit (around neck)
 C - a ring of willpower
 T - an amulet of magic regeneration
 U - a ring of wizardry
Wands
 b - a wand of acid (8)
 s - a wand of digging (9)
 w - a wand of paralysis (59)
 z - a wand of mindburst (3)
 E - a wand of polymorph (17)
 F - a wand of flame (19)
 K - a wand of iceblast (2)
 Z - a wand of charming (8)
Scrolls
 a - 4 scrolls of amnesia
 n - 2 scrolls of blinking
 u - 5 scrolls of enchant weapon
 v - 9 scrolls of teleportation
 B - 10 scrolls of identify
 D - 5 scrolls of magic mapping
 J - 6 scrolls of fog
 M - 5 scrolls of fear
 R - a scroll of acquirement
 V - 2 scrolls of silence
 Y - 2 scrolls of brand weapon
Potions
 c - 24 potions of curing
 d - 3 potions of lignification
 e - 6 potions of haste
 f - 3 potions of ambrosia
 j - 3 potions of mutation
 k - 3 potions of flight
 l - 6 potions of magic
 m - 4 potions of might
 o - 3 potions of invisibility
 r - 4 potions of heal wounds
 x - a potion of berserk rage
 I - 4 potions of brilliance
 N - 5 potions of resistance
 X - a potion of cancellation
Miscellaneous
 i - a phial of floods (inert)
 L - a condenser vane (inert)
 Q - a tin of tremorstones (1/2)


   Skills:
 + Level 11.1 Fighting
 - Level 8.0(8.4) Short Blades
 - Level 3.1(5.0) Long Blades
 - Level 3.0 Throwing
 - Level 4.0 Armour
 + Level 12.5 Dodging
 - Level 14.0 Stealth
 - Level 4.0 Shields
 - Level 2.4 Unarmed Combat
 + Level 15.4 Spellcasting
 - Level 12.0 Hexes
 + Level 9.3 Summonings
 + Level 11.3 Translocations
 - Level 3.0 Transmutations
 + Level 4.7 Air Magic
 - Level 8.0 Invocations
 + Level 12.5 Evocations


You had 17 spell levels left.
You knew the following spells:

 Your Spells              Type           Power      Damage    Failure   Level
a - Summon Lightning Spi  Summ/Air       43%        N/A       4%          4
b - Summon Forest         Summ/Tloc      27%        N/A       2%          5
c - Apportation           Tloc           100%       N/A       1%          1
d - Passwall              Tmut/Erth      17%        N/A       6%          2
e - Swiftness             Air            34%        N/A       3%          3
f - Invisibility          Hex            29%        N/A       8%          6
g - Wereblood             Tmut           27%        N/A       3%          2
h - Blink                 Tloc           N/A        N/A       1%          2
i - Tukima's Dance        Hex            59%        N/A       1%          3
j - Beastly Appendage     Tmut           54%        N/A       1%          1

Your spell library contained the following spells:

 Spells                   Type           Power      Damage    Failure   Level
 Corona                   Hex            65%        N/A       1%          1
 Summon Small Mammal      Summ           100%       N/A       1%          1
 Ensorcelled Hibernation  Hex/Ice        78%        N/A       1%          2
 Call Canine Familiar     Summ           51%        N/A       1%          3
 Inner Flame              Hex/Fire       39%        N/A       1%          3
 Lesser Beckoning         Tloc           28%        N/A       1%          3
 Portal Projectile        Hex/Tloc       100%       N/A       1%          3
 Summon Guardian Golem    Hex/Summ       55%        N/A       1%          3
 Cause Fear               Hex            29%        N/A       1%          4
 Manifold Assault         Tloc           57%        N/A       1%          5
 Corpse Rot               Necr/Air       N/A        N/A       4%          2
 Static Discharge         Conj/Air       24%        N/A       4%          2
 Leda's Liquefaction      Hex/Erth       19%        N/A       6%          4
 Animate Skeleton         Necr           30%        N/A       7%          1
 Freeze                   Ice            60%        1d8       7%          1
 Pain                     Necr           60%        1d7       7%          1
 Sandblast                Erth           30%        2d9       7%          1
 Airstrike                Air            17%        N/A       10%         4
 Spider Form              Tmut/Pois      10%        N/A       12%         3
 Ignite Poison            Fire/Tmut/Pois 19%        N/A       14%         3
 Metabolic Englaciation   Hex/Ice        19%        N/A       17%         5
 Conjure Flame            Conj/Fire      15%        6-21      22%         3
 Frozen Ramparts          Ice            30%        1d5       22%         3
 Ozocubu's Armour         Ice            15%        N/A       22%         3
 Stone Arrow              Conj/Erth      30%        3d8       22%         3
 Ice Form                 Ice/Tmut       21%        N/A       36%         4
 Dispel Undead            Necr           15%        3d10      56%         4
 Hailstorm                Conj/Ice       15%        3d5       56%         4
 Sticky Flame             Conj/Fire      15%        2d4       56%         4
 Lightning Bolt           Conj/Air       12%        1d25      58%         5
 Alistair's Intoxication  Tmut/Pois      14%        N/A       71%         5
 Summon Hydra             Summ           25%        N/A       78%         7
 Agony                    Necr           15%        N/A       89%         5
 Bolt of Magma            Conj/Fire/Erth 7%         4d6       89%         5
 Borgnjor's Vile Clutch   Necr/Erth      7%         N/A       89%         5
 Excruciating Wounds      Necr           7%         N/A       89%         5
 Fireball                 Conj/Fire      7%         3d5       89%         5
 Iskenderun's Battlesphe  Conj           15%        2d7       89%         5
 Lee's Rapid Deconstruct  Erth           7%         3d8*      89%         5
 Discord                  Hex            29%        N/A       98%         8
 Conjure Ball Lightning   Conj/Air       12%        3x3d6     99%         6
 Eringya's Noxious Bog    Tmut/Pois      10%        N/A       99%         6
 Simulacrum               Ice/Necr       7%         N/A       100%        6
 Orb of Destruction       Conj           7%         9d3       100%        7
 Ozocubu's Refrigeration  Ice            7%         4d6       100%        7
 Borgnjor's Revivificati  Necr           7%         N/A       100%        8
 Shatter                  Erth           7%         3d10*     100%        9


Dungeon Overview and Level Annotations

Branches:
Dungeon (15/15)            Temple (1/1) D:6            Lair (6/6) D:11
 Shoals (4/4) Lair:3       Spider (0/4) Lair:4        Slime (0/5) Lair:5
    Orc (2/2) D:11            Elf (0/3) Orc:2        Vaults (0/5) D:14
  IceCv (visited)
 Depths: D:15

Altars:
Ashenzari
Cheibriados
Dithmenos
Elyvilon
Fedhas
Gozag
Hepliaklqana
Kikubaaqudgha
Makhleb
Nemelex Xobeh
Okawaru
Qazlal
Ru
Sif Muna
Trog
Uskayaw
Vehumet
Wu Jian
Xom
Yredelemnul
Zin
The Shining One
Beogh
Jiyva
Lugonu

Shops:
D:8 :   D:13 (   Orc:1 =   Orc:2 ![!:   Shoals:1 !!   Shoals:2 (

Portals:
Pandemonium: Orc:2

Annotations:
D:15 exclusion: door
Shoals:2 1 runed translucent door, Tis Ziporr's ghost, adept MiFi
Shoals:4 1 runed translucent door


Innate Abilities, Weirdness & Mutations

Your life essence is reduced to manifest your ancestor. (-10% HP)
You are very small and have problems with some larger weapons.
You are too small for most types of armour.
You have supernaturally acute eyesight. (SInv)
You cover ground extremely quickly. (Speed+++)
You are partially covered in iridescent scales. (AC +2)
You possess an exceptional clarity of mind.


Message History

The silver javelin pierces through you!!
The silver sears you!
You are too injured to fight recklessly!
Your unstable footing causes you to fumble your attack.
The merfolk is engulfed in a cloud of scalding steam.
The merfolk hits Gaius with a +0 trident!
Gaius hits the merfolk with a +0 quarterstaff!!
The merfolk dies!
You hear a splash.
You are too injured to fight recklessly!
The merfolk javelineer throws a silver javelin.
The silver javelin pierces through you! The silver sears you!
* * * LOW HITPOINT WARNING * * *
The merfolk javelineer throws a silver javelin.
The silver javelin closely misses you.
Casting: Invisibility (dangerous; 8% risk of failure)
Confirm with . or Enter, or press ? or * to list all spells.
You fade into invisibility!
You are very lightly contaminated with residual magic.
The merfolk javelineer throws a silver javelin.
Gaius points at the merfolk javelineer and mumbles some strange words.
The stone arrow hits the merfolk javelineer!
The merfolk javelineer throws a silver javelin.
The silver javelin completely misses Gaius.
Gaius casts a spell at the merfolk javelineer.
The stone arrow hits the merfolk javelineer!
The merfolk javelineer throws a silver javelin.
The silver javelin pierces through Gaius!
The merfolk javelineer throws a silver javelin.
The silver javelin pierces through you!!
* * * LOW HITPOINT WARNING * * *
The silver sears you!
* * * LOW HITPOINT WARNING * * *
You puncture the merfolk javelineer! You freeze the merfolk javelineer.
The merfolk javelineer is heavily wounded.
You puncture the merfolk javelineer! You freeze the merfolk javelineer.
The merfolk javelineer is severely wounded.
The merfolk javelineer throws a silver javelin.
The silver javelin pierces through you!!
You die...

≈≈≈≈≈≈≈≈≈≈≈≈≈≈≈≈≈≈≈≈≈≈≈≈≈≈
≈≈≈≈≈≈≈≈≈≈≈≈≈≈≈≈≈≈≈≈≈≈≈≈≈
≈≈≈≈≈≈≈≈≈≈≈≈≈≈≈≈)≈≈≈≈≈≈≈≈
≈≈≈≈≈≈≈≈≈≈≈≈≈≈≈≈≈≈≈≈≈≈##
≈≈≈≈≈≈≈≈≈≈≈≈≈≈≈≈≈≈≈≈≈≈≈##≈
≈..≈≈≈≈≈≈≈.......<..≈≈≈≈≈≈
..^..≈≈≈.........R..≈≈≈≈≈≈≈#
.........<...##.≈≈≈≈≈≈#≈≈≈≈#
...(≈≈≈≈≈≈≈≈≈###@$≈≈≈≈≈≈≈≈≈#
...≈≈≈≈≈≈≈≈≈≈≈#..m≈≈≈≈≈≈≈≈≈#
.÷≈≈≈#≈###≈≈≈≈≈..≈≈≈≈≈.≈≈.≈#
.≈≈≈≈### ###≈≈≈≈..≈≈≈≈≈≈≈..##
≈≈≈### ##≈≈≈.(≈([≈≈≈≈≈≈≈##
≈≈≈≈# #♣##≈≈...(≈(≈≈m....##
≈≈≈≈##.....# #≈≈....≈.........≈
.≈≈≈##.._..♣ #≈≈...............
.≈≈##vX...X###..........≈......


You could see the friendly Gaius the battlemage and a merfolk javelineer (ally
target).

Vanquished Creatures
  Mara (Shoals:3)
  A kraken (Shoals:3)
  Kirke (Shoals:4)
  An azure jelly (Shoals:1)
  Ilsuiw (Shoals:3)
  An orc warlord (D:13)
  A minotaur (Orc:2)
  Snorg (D:12)
  2 merfolk javelineers (Shoals:3)
  4 merfolk impalers
  Fannar (Orc:1)
  4 boulder beetles
  8 hydras
  3 centaur warriors
  3 ironbound frosthearts (IceCv)
  3 merfolk avatars
  3 merfolk aquamancers
  5 death yaks
  3 two-headed ogres
  3 satyrs
  2 tengu warriors (D:13)
  5 orc high priests (Orc:2)
  A spectral catoblepas (Lair:2)
  A spectral death yak (Lair:2)
  A fire crab (Lair:6)
  4 skeletal warriors
  6 sea snakes
  A flayed ghost (D:15)
  2 deep elf pyromancers (D:13)
  A wizard (D:14)
  Pikel (D:6)
  12 harpies
  A deep elf zephyrmancer (D:14)
  3 orc knights
  3 orc sorcerers
  An oklob plant (Lair:4)
  11 manticores
  4 cyclopes
  15 ugly things
  10 elephants
  8 fauns
  5 merfolk sirens
  Maurice (D:8)
  Maggie (D:8)
  3 black mambas
  Joseph (D:8)
  7 cane toads
  A smoke demon (Orc:2)
  15 rime drakes
  A kobold demonologist (D:14)
  3 yaktaurs
  A freezing wraith (D:13)
  2 trolls
  3 komodo dragons
  13 merfolk
  A hornet (D:4)
  A jumping spider (Lair:4)
  Grinder (D:6)
  4 wind drakes
  8 polar bears (IceCv)
  13 blink frogs
  4 dream sheep
  3 snapping turtles
  A meliai zombie (D:10)
  2 wraiths
  36 yaks
  A vampire (D:12)
  6 wyverns
  9 water elementals
  A human (Shoals:4)
  2 hogs (Shoals:4)
  2 fire elementals (D:14)
  3 vampire mosquitoes
  A steam dragon (D:7)
  11 basilisks
  Menkaure (D:4)
  2 wargs (Orc:1)
  An acid dragon (D:12)
  5 hell hounds (D:14)
  8 water moccasins
  14 orc warriors
  A black bear (Lair:3)
  A black mamba simulacrum (Lair:2)
  8 ogres
  2 necrophages
  3 boggarts (D:12)
  7 wolves
  7 centaurs
  A lemure (D:6)
  13 bullfrogs
  2 kobold brigands (D:10)
  2 water moccasin skeletons (D:5)
  20 killer bees
  3 electric eels (Lair:3)
  2 howler monkeys
  2 centaur zombies
  A komodo dragon simulacrum (Lair:2)
  3 jellies
  4 centaur skeletons
  14 orc priests
  5 iguanas
  5 orc wizards
  7 hell rats (Lair:6)
  Terence (D:3)
  A hound skeleton (D:5)
  2 howler monkey zombies (D:7)
  Robin (D:3)
  3 gnolls (D:5)
  3 adders
  A howler monkey skeleton (D:6)
  2 river rats (Lair:4)
  2 white imps
  An adder skeleton (D:4)
  2 worms
  3 dart slugs
  35 orcs
  7 ball pythons
  9 bats
  4 endoplasms
  5 giant cockroaches
  16 goblins
  12 hobgoblins
  5 jackals
  A quokka (D:4)
  3 frilled lizards
  12 kobolds
  4 rats
  A tentacle (Shoals:3)
590 creatures vanquished.

Vanquished Creatures (collateral kills)
  The ghost of braks the Warrior, an adept OgGl of Cheibriados (Lair:3)
  Polyphemus (Shoals:3)
  The ghost of Millie the Peltast, an adept MiFi of Okawaru (Orc:2)
  A white draconian (IceCv)
  Azrael (D:14)
  A merfolk javelineer (Shoals:4)
  The ghost of p0werm0de the Blocker, a journeyman MiFi of Cheibriados (D:12)
  The ghost of Wuvuatt the Impaler, a journeyman MiBe of Trog (Lair:2)
  A merfolk impaler (Shoals:3)
  An ogre mage (D:13)
  4 hydras
  2 catoblepae
  2 merfolk avatars
  2 centaur warriors (D:13)
  Erica (D:8)
  3 two-headed ogres
  3 orc high priests (Orc:2)
  3 death yaks (D:11)
  2 sun demons (Orc:2)
  A skeletal warrior (D:15)
  2 sea snakes
  2 gelid demonspawn (Orc:2)
  An infernal demonspawn (Orc:2)
  A deep elf archer (D:14)
  A deep elf pyromancer (D:13)
  2 deep elf zephyrmancers (D:14)
  4 harpies
  2 fauns
  An orb spider (shapeshifter) (D:13)
  An orc knight (Orc:2)
  11 ugly things
  3 orc sorcerers (Orc:2)
  5 cyclopes
  5 manticores
  4 elephants
  A rust devil (Orc:2)
  2 black mambas (Lair:1)
  2 water nymphs
  8 cane toads
  2 gargoyles
  2 apocalypse crabs (Shoals:4)
  An orange demon (Orc:2)
  A centaur skeleton (D:14)
  10 komodo dragons
  3 freezing wraiths
  7 rime drakes
  A kobold demonologist (D:13)
  2 efreet
  A tengu conjurer (D:13)
  A hellwing (Orc:2)
  4 trolls
  2 jumping spiders (Lair:4)
  3 merfolk
  9 polar bears
  A meliai (D:13)
  2 hornets
  4 wind drakes
  Prince Ribbit (D:7)
  7 blink frogs
  A slime creature (D:13)
  2 snapping turtles
  2 vampires
  A shadow (D:10)
  6 wyverns
  A redback (shapeshifter) (D:14)
  23 yaks
  A redback (Lair:4)
  2 water elementals
  2 basilisks
  A fire elemental (D:13)
  2 steam dragons (Lair:6)
  7 vampire mosquitoes
  A spectral cane toad (Lair:2)
  13 water moccasins
  An acid dragon (D:10)
  15 orc warriors
  5 black bears
  2 necrophages
  10 wolves
  3 ogres (Orc:2)
  2 centaurs
  3 lemures (D:6)
  5 kobold brigands
  A gnoll sergeant (D:13)
  5 bullfrogs
  20 killer bees
  An electric eel (Lair:2)
  A bullfrog skeleton (D:5)
  3 centaur zombies
  A jelly (D:6)
  7 orc priests
  8 orc wizards
  6 hell rats
  A killer bee zombie (D:8)
  A howler monkey zombie (D:9)
  6 river rats (Lair:4)
  2 white imps (D:8)
  20 orcs
  3 goblins (D:3)
  A hobgoblin (D:3)
  5 kobolds
  A rat (Lair:4)
  A butterfly (Lair:6)
360 creatures vanquished.

Vanquished Creatures (others)
  An ironbound frostheart (IceCv)
  An orc knight (Orc:2)
  An ugly thing (IceCv)
  A faun (Shoals:3)
  A centaur zombie (D:10)
  A yaktaur (D:14)
  A hellwing (Orc:2)
  A jumping spider (Lair:4)
  A polar bear (IceCv)
  A dancing weapon (Orc:2)
  A redback (Lair:4)
  A human (Shoals:4)
  2 yaks (Lair:4)
  43 battlemagi
  3 ancestors
  14 fungi
  88 plants
  A snaplasher vine (Orc:2)
  7 tentacles (Shoals:3)
  3 withered plants
173 creatures vanquished.

Grand Total: 1123 creatures vanquished

Notes
Turn   | Place    | Note
-------+----------+-------------------------------------------
     0 | D:1      | inmateoo the Spriggan Transmuter began the quest for the
                  | Orb.
     0 | D:1      | Reached XP level 1. HP: 9/9 MP: 5/5
   516 | D:1      | Found a faded altar of an unknown god.
   621 | D:1      | Reached skill level 1 in Fighting
   621 | D:1      | Reached skill level 1 in Stealth
   625 | D:1      | Reached XP level 2. HP: 14/14 MP: 4/6
   628 | D:1      | Learned a level 2 spell: Wereblood
   740 | D:1      | Reached skill level 3 in Spellcasting
  1205 | D:2      | Reached skill level 1 in Short Blades
  1205 | D:2      | Reached XP level 3. HP: 13/18 MP: 8/8
  2246 | D:2      | Identified a scroll of acquirement
  2268 | D:3      | Reached XP level 4. HP: 23/23 MP: 9/9
  2290 | D:3      | You fall into a shaft and drop 3 floors!
  2291 | D:6      | Noticed Grinder
  2291 | D:6      | Noticed an ogre
  2295 | D:6      | Killed an ogre
  2296 | D:6      | Reached XP level 5. HP: 26/26 MP: 10/10
  2312 | D:6      | Killed Grinder
  2313 | D:6      | Reached XP level 6. HP: 30/30 MP: 11/11
  2439 | D:6      | Found a staircase to the Ecumenical Temple.
  2458 | Temple   | Entered the Ecumenical Temple
  2590 | Temple   | Became a worshipper of Hepliaklqana the Forgotten
  2658 | D:5      | Entered Level 5 of the Dungeon
  2814 | D:5      | Noticed a wyvern
  2844 | D:5      | Killed a wyvern
  2845 | D:5      | Reached skill level 5 in Short Blades
  2845 | D:5      | Reached XP level 7. HP: 35/35 MP: 12/12
  3162 | D:4      | Noticed Robin
  3251 | D:2      | Reached skill level 1 in Invocations
  3460 | D:3      | Reached * piety under Hepliaklqana
  3610 | D:3      | Noticed Terence
  3631 | D:3      | Killed Terence
  4234 | D:4      | Noticed a hornet
  4497 | D:3      | Killed Robin
  4797 | D:4      | Noticed Menkaure
  4810 | D:4      | Killed Menkaure
  4811 | D:4      | Reached skill level 4 in Spellcasting
  4811 | D:4      | Reached XP level 8. HP: 24/35 MP: 9/15
  4816 | D:4      | Paralysed by a hornet for 1 turns
  5392 | D:4      | Identified the +8 war axe "Gioddo" {freeze, *Slow +Blink
                  | rF+ Str+3}
  5587 | D:4      | Killed a hornet
  5588 | D:4      | Reached skill level 5 in Dodging
  6104 | D:5      | Reached skill level 1 in Evocations
  6107 | D:5      | Reached ** piety under Hepliaklqana
  6202 | D:5      | Reached skill level 5 in Spellcasting
  6427 | D:6      | Remembered your ancestor Gaius as a battlemage
  6519 | D:6      | Reached skill level 10 in Stealth
  6519 | D:6      | Reached XP level 9. HP: 40/40 MP: 17/17
  6712 | D:6      | Noticed Pikel
  7845 | D:6      | Killed Pikel
  8150 | D:7      | Reached skill level 5 in Evocations
  8214 | D:7      | Reached skill level 5 in Fighting
  8214 | D:7      | Reached skill level 5 in Invocations
  8337 | D:7      | Reached *** piety under Hepliaklqana
  8794 | D:8      | Noticed Prince Ribbit
  9109 | D:7      | Killed Prince Ribbit
  9357 | D:8      | Noticed Erica
  9484 | D:8      | Reached XP level 10. HP: 37/47 MP: 16/18
  9580 | D:8      | Killed Erica
  9805 | D:8      | Noticed Maggie
  9818 | D:8      | Noticed Joseph
  9823 | D:8      | Killed Maggie
  9828 | D:8      | Noticed Maurice
  9830 | D:8      | Killed Joseph
  9835 | D:8      | Killed Maurice
 10192 | D:8      | Found Iqiebbev's Book Shop.
 10520 | D:9      | Reached skill level 6 in Spellcasting
 11085 | D:9      | Noticed a two-headed ogre
 11102 | D:9      | Killed a two-headed ogre
 11207 | D:9      | Learned a level 1 spell: Apportation
 11258 | D:9      | Reached **** piety under Hepliaklqana
 11276 | D:9      | Reached XP level 11. HP: 43/52 MP: 15/21
 11547 | D:9      | Noticed a two-headed ogre
 11568 | D:9      | Killed a two-headed ogre
 11895 | D:10     | Entered Level 10 of the Dungeon
 12293 | D:10     | Found a transporter.
 12303 | D:10     | Found a transporter.
 12357 | D:10     | Found a bloodstained altar of Trog.
 12359 | D:10     | Noticed a centaur warrior
 13171 | D:10     | Reached skill level 7 in Spellcasting
 13359 | D:10     | Noticed a two-headed ogre
 13375 | D:10     | Killed a two-headed ogre
 13548 | D:11     | Reached ***** piety under Hepliaklqana
 13675 | D:11     | Noticed a five-headed hydra
 13695 | D:11     | Killed a five-headed hydra
 13782 | D:11     | Noticed a death yak
 13823 | D:11     | Killed a death yak
 13824 | D:11     | Reached skill level 10 in Evocations
 14098 | D:11     | Reached skill level 1 in Shields
 14249 | D:11     | Noticed a death yak
 14250 | D:11     | Noticed a death yak
 14250 | D:11     | Noticed a death yak
 14251 | D:11     | Noticed a death yak
 14251 | D:11     | Noticed a death yak
 14254 | D:11     | Found a staircase to the Lair.
 14271 | D:11     | Killed a death yak
 14271 | D:11     | Killed a death yak
 14271 | D:11     | Killed a death yak
 14272 | D:11     | Reached XP level 12. HP: 21/56 MP: 8/24
 14272 | D:11     | Killed a death yak
 14284 | D:11     | Killed a death yak
 14285 | D:11     | Reached skill level 8 in Spellcasting
 14678 | D:11     | Found a staircase to the Orcish Mines.
 15034 | D:12     | Noticed a two-headed ogre
 15048 | D:12     | Killed a two-headed ogre
 15442 | D:12     | Found a runed translucent door.
 15481 | D:12     | Noticed a two-headed ogre
 15495 | D:12     | Killed a two-headed ogre
 15529 | D:12     | Noticed Snorg
 15975 | D:12     | Noticed a boulder beetle
 15979 | D:12     | Killed a boulder beetle
 16114 | D:12     | Noticed p0werm0de's ghost (journeyman MiFi)
 16226 | D:13     | Noticed a tengu warrior
 16653 | D:13     | Killed a tengu warrior
 16682 | D:13     | Noticed a two-headed ogre
 16691 | D:13     | Killed a two-headed ogre
 16692 | D:13     | Reached skill level 10 in Dodging
 16692 | D:13     | Reached skill level 9 in Spellcasting
 16742 | D:13     | Noticed a four-headed hydra
 17038 | D:12     | Killed a four-headed hydra
 17039 | D:12     | Reached skill level 1 in Armour
 17575 | D:13     | Noticed a boulder beetle
 17595 | D:13     | Killed a boulder beetle
 17599 | D:13     | Noticed an ogre mage
 17652 | D:13     | Killed an ogre mage
 17660 | D:13     | Noticed a seven-headed hydra
 17674 | D:13     | Killed a seven-headed hydra
 17675 | D:13     | Reached XP level 13. HP: 61/61 MP: 27/27
 18424 | D:13     | Reached skill level 10 in Spellcasting
 18629 | D:13     | Found Awipp's Firing Range.
 18879 | D:13     | Learned a level 2 spell: Passwall
 18883 | D:13     | Learned a level 3 spell: Swiftness
 18890 | D:13     | Learned a level 6 spell: Invisibility
 18921 | D:13     | Reached skill level 1 in Hexes
 19136 | D:13     | Noticed an orc warlord
 19451 | D:13     | Killed an orc warlord
 19452 | D:13     | Reached skill level 5 in Hexes
 19732 | Lair:1   | Entered Level 1 of the Lair of Beasts
 20218 | Lair:1   | Learned a level 5 spell: Summon Forest
 20772 | Lair:1   | Reached skill level 1 in Summonings
 21335 | Lair:2   | Found a runed translucent gate.
 21335 | Lair:2   | Found a runed translucent gate.
 21335 | Lair:2   | Found a runed translucent gate.
 21342 | Lair:2   | Noticed Wuvuatt's ghost (journeyman MiBe)
 21402 | Lair:2   | Found a sacrificial altar of Ru.
 22096 | Lair:2   | Identified the +4 scale mail of Hedonism {rC+ Str+2}
 22149 | Lair:2   | Acquired 915 gold pieces
 22151 | Lair:2   | Acquired the ring "Seimatsu" {rC+ rN+ Int+3}
 22351 | Lair:3   | Reached ****** piety under Hepliaklqana
 22408 | Lair:3   | Found a staircase to the Shoals.
 22427 | Lair:3   | Reached XP level 14. HP: 65/65 MP: 26/29
 22505 | Lair:3   | Reached skill level 11 in Spellcasting
 22885 | Lair:3   | Learned a level 2 spell: Blink
 22928 | Lair:3   | Reached skill level 10 in Hexes
 22982 | Lair:3   | Found a runed translucent gate.
 22983 | Lair:3   | Found a runed translucent gate.
 22984 | Lair:3   | Found a runed translucent gate.
 22984 | Lair:3   | Noticed braks's ghost (adept OgGl)
 23460 | Lair:4   | Found a hole to the Spider Nest.
 23580 | Lair:4   | Reached skill level 1 in Throwing
 23978 | Lair:4   | Identified the -6 hat "Cojowagg" {Dex+5}
 24492 | Lair:4   | Identified the ring "Xiuwosuw" {Fire Drain rN+ Slay+4}
 24627 | Lair:5   | Reached skill level 12 in Spellcasting
 24736 | Lair:5   | Learned a level 3 spell: Tukima's Dance
 24816 | Lair:5   | Reached skill level 5 in Summonings
 24821 | Lair:5   | Found a viscous altar of Jiyva.
 24821 | Lair:5   | Found a staircase to the Slime Pits.
 25200 | Lair:5   | Identified the +7 scale mail "Put-Me-On" {Rampage rF+}
 25215 | Lair:5   | Identified the +3 ring mail of the Quahog {rN++ Dex+2}
 25671 | Lair:6   | Entered Level 6 of the Lair of Beasts
 26256 | Lair:6   | Reached XP level 15. HP: 58/70 MP: 19/32
 26908 | Lair:6   | Reached skill level 13 in Spellcasting
 27614 | D:12     | Killed p0werm0de's ghost
 27621 | D:12     | Got the Grimoire of Creative Evil
 27850 | D:12     | Killed Snorg
 27851 | D:12     | Reached skill level 1 in Translocations
 27979 | D:14     | Noticed Azrael
 27989 | D:14     | Killed Azrael
 29503 | D:14     | Found a gate to the Vaults.
 29619 | D:15     | Entered Level 15 of the Dungeon
 29692 | D:15     | Reached skill level 5 in Translocations
 29890 | D:15     | Identified the +10 long sword of Amorality {vorpal, rCorr
                  | MP+9}
 29983 | D:15     | Reached skill level 10 in Fighting
 30380 | D:15     | Reached skill level 14 in Spellcasting
 30697 | Lair:2   | Reached XP level 16. HP: 54/76 MP: 27/35
 30699 | Lair:2   | Killed Wuvuatt's ghost
 30816 | Lair:3   | Killed braks's ghost
 31005 | Orc:1    | Entered Level 1 of the Orcish Mines
 31013 | Orc:1    | Noticed Fannar
 31022 | Orc:1    | Killed Fannar
 31200 | Orc:1    | Reached skill level 1 in Long Blades
 31271 | Orc:1    | Found Fariqaph's Jewellery Emporium.
 31464 | Orc:2    | Entered Level 2 of the Orcish Mines
 31651 | Orc:2    | Found a runed translucent gate.
 31651 | Orc:2    | Found a runed translucent gate.
 31651 | Orc:2    | Found a runed translucent gate.
 31659 | Orc:2    | Noticed Millie's ghost (adept MiFi)
 31783 | Orc:2    | Found a staircase to the Elven Halls.
 32114 | Orc:2    | Found Lyequgia's Distillery.
 32115 | Orc:2    | Found Keyb's Distillery.
 32502 | Orc:2    | Bought 2 potions of curing for 60 gold pieces
 32502 | Orc:2    | Bought a potion of curing for 30 gold pieces
 32502 | Orc:2    | Bought a potion of magic for 80 gold pieces
 32502 | Orc:2    | Bought a potion of mutation for 80 gold pieces
 32504 | Orc:2    | Bought 2 potions of curing for 78 gold pieces
 32504 | Orc:2    | Bought a potion of curing for 39 gold pieces
 32717 | Orc:2    | Gained mutation: Your spells are a little easier to cast,
                  | but a little less powerful. [a neqoxec]
 32835 | Orc:2    | Lost mutation: Your spells are a little easier to cast, but
                  | a little less powerful. [potion of mutation]
 32835 | Orc:2    | Gained mutation: Your mind is acute. (Int +2) [potion of
                  | mutation]
 33274 | Orc:2    | Found Viduno's Book Emporium.
 33274 | Orc:2    | Found Myloosez's Antique Armour Shoppe.
 33275 | Orc:2    | Found a one-way gate leading to the halls of Pandemonium.
 33285 | Orc:2    | Bought a book of Storms for 544 gold pieces
 33290 | Orc:2    | Learned a level 4 spell: Summon Lightning Spire
 33296 | Orc:2    | Bought a runed cloak for 187 gold pieces
 33726 | Orc:2    | Killed Millie's ghost
 33942 | Shoals:1 | Entered Level 1 of the Shoals
 33996 | Shoals:1 | Found a frozen archway.
 34082 | Shoals:1 | Reached skill level 1 in Air Magic
 34089 | IceCv    | Entered an ice cave
 34331 | IceCv    | Identified the +9 dagger "Atuem" {freeze, Stlth+}
 34939 | IceCv    | Noticed a shard shrike
 35820 | Shoals:1 | Found Pabbugryudi's Distillery.
 35843 | Shoals:1 | Reached XP level 17. HP: 49/81 MP: 18/36
 35851 | Shoals:1 | Bought a potion of curing for 48 gold pieces
 35851 | Shoals:1 | Bought a potion of resistance for 160 gold pieces
 35851 | Shoals:1 | Bought a potion of curing for 48 gold pieces
 35851 | Shoals:1 | Bought a potion of resistance for 160 gold pieces
 35851 | Shoals:1 | Bought a potion of mutation for 128 gold pieces
 35874 | Shoals:1 | Found Ytzimoat's Distillery.
 35882 | Shoals:1 | Bought a potion of curing for 48 gold pieces
 35882 | Shoals:1 | Bought a potion of curing for 48 gold pieces
 35882 | Shoals:1 | Bought a potion of magic for 128 gold pieces
 35882 | Shoals:1 | Bought 2 potions of haste for 320 gold pieces
 35882 | Shoals:1 | Bought a potion of heal wounds for 80 gold pieces
 36329 | Shoals:1 | Reached skill level 10 in Translocations
 36442 | Shoals:2 | Gained mutation: You sometimes lose the ability to read
                  | scrolls when taking damage. [mutagenic glow]
 36740 | Shoals:2 | Found a runed translucent door.
 36741 | Shoals:2 | Found a shimmering altar of Xom.
 36741 | Shoals:2 | Noticed Tis Ziporr's ghost (adept MiFi)
 36820 | Shoals:2 | Found Isia's Antique Weapon Shop.
 37092 | Shoals:3 | Noticed Mara
 37098 | Shoals:3 | Noticed inmateoo's illusion
 37333 | Shoals:3 | Reached skill level 15 in Spellcasting
 37371 | Shoals:3 | Noticed Ilsuiw
 37386 | Shoals:3 | Killed Ilsuiw
 37479 | Shoals:3 | Gained mutation: Your body sometimes deteriorates upon
                  | taking damage. [mutagenic glow]
 37538 | Shoals:2 | Gained mutation: Your body often deteriorates upon taking
                  | damage. [mutagenic glow]
 37548 | Shoals:2 | Lost mutation: Your mind is acute. (Int +2) [potion of
                  | mutation]
 37548 | Shoals:2 | Lost mutation: Your body often deteriorates upon taking
                  | damage. [potion of mutation]
 37548 | Shoals:2 | Gained mutation: Your body often deteriorates upon taking
                  | damage. [potion of mutation]
 37548 | Shoals:2 | Gained mutation: You are frail. (-10% HP) [potion of
                  | mutation]
 37548 | Shoals:2 | Gained mutation: You are dopey. (Int -2) [potion of
                  | mutation]
 37549 | Shoals:2 | Lost mutation: You sometimes lose the ability to read
                  | scrolls when taking damage. [potion of mutation]
 37549 | Shoals:2 | Lost mutation: You are dopey. (Int -2) [potion of mutation]
 37549 | Shoals:2 | Lost mutation: You are frail. (-10% HP) [potion of
                  | mutation]
 37549 | Shoals:2 | Gained mutation: Your muscles are strong. (Str +2) [potion
                  | of mutation]
 37549 | Shoals:2 | Lost mutation: Your muscles are strong. (Str +2) [potion of
                  | mutation]
 37550 | Shoals:2 | Lost mutation: Your body often deteriorates upon taking
                  | damage. [potion of mutation]
 37550 | Shoals:2 | Lost mutation: Your body sometimes deteriorates upon taking
                  | damage. [potion of mutation]
 37550 | Shoals:2 | Gained mutation: You are frail. (-10% HP) [potion of
                  | mutation]
 37551 | Shoals:2 | Lost mutation: You are frail. (-10% HP) [potion of
                  | mutation]
 37551 | Shoals:2 | Gained mutation: You tend to lose your temper in combat.
                  | [potion of mutation]
 37552 | Shoals:2 | Lost mutation: You tend to lose your temper in combat.
                  | [potion of mutation]
 37552 | Shoals:2 | Gained mutation: You are partially covered in iridescent
                  | scales. (AC +2) [potion of mutation]
 37552 | Shoals:2 | Gained mutation: You possess an exceptional clarity of
                  | mind. [potion of mutation]
 37640 | Shoals:3 | Noticed inmateoo's illusion
 37794 | Shoals:3 | Killed Mara
 38073 | Shoals:3 | Noticed Polyphemus
 38091 | Shoals:3 | Killed Polyphemus
 38092 | Shoals:3 | Noticed a kraken
 38111 | Shoals:3 | Killed a kraken
 38247 | Shoals:4 | Entered Level 4 of the Shoals
 38513 | Shoals:4 | Found a runed translucent door.
 38515 | Shoals:4 | Noticed Kirke
 38519 | Shoals:4 | Found a corrupted altar of Lugonu.
 38531 | Shoals:4 | Killed Kirke
 39114 | Shoals:4 | Hit by a silver javelin thrown by a merfolk javelineer

Illustrated notes

Levels and vault maps discovered:
D:1:      wander_arrival_peaceful_grave, layout_basic,
          hellmonk_ecumenical_altar_arch_garden, serial_bayou_lagoon_a
D:2:      cheibrodos_greedy_goblins, layout_loops_corners
D:3:      layout_basic, dk_vineyard_3, minmay_misc_feat_diagonals,
          hangedman_glass_teeth, st_stairs_10, grunt_decor_junction,
          uniq_terence
D:4:      layout_rooms, kennysheep_cross_bottleneck, uniq_robin, uniq_menkaure
D:5:      layout_loops_corners
D:6:      layout_cave_pods, minmay_temple_entry_wispy, nrook_mini_vaults,
          uniq_grinder, uniq_pikel
D:7:      layout_gridville, grunt_ministairs_2
D:8:      layout_cave_pools, serial_shops, nicolae_shop_statue_plus, uniq_erica,
          uniq_prince_ribbit1, uniq_joseph, uniq_maggie, uniq_maurice
D:9:      layout_long_grid
D:10:     layout_gridville, gammafunk_temple_overflow_arena
D:11:     layout_irregular_city, dpeg_lair_monsters, orc_0_dummy
D:12:     layout_roguey, gammafunk_ghost_grave, minivault_25_ag, uniq_snorg
D:13:     minmay_the_grid_4x2 [minmay_the_grid_plusring, minmay_the_grid_eight,
          minmay_the_grid_large_cup, minmay_the_grid_armoury,
          minmay_the_grid_empty, minmay_the_grid_small_cups,
          minmay_the_grid_gridbox, minmay_the_grid_prize_trominoes],
          layout_irregular_city, nicolae_shop_firing_range
D:14:     layout_cave_pods, hangedman_vaults_entry_quadrant_bands,
          hangedman_decor_points, uniq_azrael
D:15:     grunt_enter_depths_snipers, layout_basic, small_statue_intersection,
          argonaut_gorgonesque
Temple:   dpeg_three_leaves_temple
Lair:1:   layout_chaotic_city, grunt_megastairs_5
Lair:2:   layout_concentric_octagons, gammafunk_ghost_necromancy, basic_altar,
          st_stairs_11, serial_bayou_lagoon_b
Lair:3:   layout_hall_layers, elwin_shoals_entry_rocks,
          ebering_ghost_rock_garden, beast_lair_carwin_6, serial_bayou_shore_a
Lair:4:   layout_cave_pods, nicolae_spider_entry_tight_spaces,
          minmay_lair_oklob_items, chequers_serial_rivers_small_a,
          kennysheep_rathole
Lair:5:   wad_woods_minihive, layout_cave_pods, slime_altar_1
Lair:6:   gammafunk_lair_ancient_temple, layout_gridlike, special_room
          [special_room_mythical_zoo], lemuel_fruit_fields
Shoals:1: layout_shoals, portal_ice_cave_entry_frozen_things, serial_shops,
          shop, nicolae_square_shop
Shoals:2: layout_shoals, serial_shops, nicolae_shop_waterfront,
          ebering_ghost_xom
Shoals:3: layout_shoals, uniq_ilsuiw, uniq_polyphemus, uniq_mara
Shoals:4: shoals_end_hangedman, layout_shoals, shoals_ilsuiw_alternative,
          nicolae_shoals_abyss_on_the_beach, uniq_kirke
Orc:1:    layout_caves, serial_shops, nicolae_shop_crystal, mines1_david,
          uniq_fannar
Orc:2:    pf_orc_diabolical, layout_caves, maelrawn_ghost_gauntlet_escape,
          basic_altar, nicolae_orc_pool_cavern, kennysheep_orc_chapel

Skill      XL: |  1  2  3  4  5  6  7  8  9 10 11 12 13 14 15 16 17 |
---------------+----------------------------------------------------+-----
Fighting       | 1 2 3 6 7 8 10 11 | 11.1
Stealth        | 1 2 3 4 6 8 10 11 12 14 | 14.0
Dodging        | 3 4 5 6 7 8 10 11 12 | 12.5
Transmutations | 3 |  3.0
Spellcasting   | 3 4 5 6 7 9 10 12 14 15 | 15.4
Short Blades   | 1 2 4 5 6 7 8 |  8.0
Invocations    | 2 3 5 6 7 8 |  8.0
Evocations     | 2 7 9 10 11 12 | 12.5
Shields        | 1 3 4 |  4.0
Armour         | 1 4 |  4.0
Hexes          | 9 11 12 | 12.0
Summonings     | 2 5 7 8 9 |  9.3
Throwing       | 3 |  3.0
Translocations | 7 9 11 | 11.3
Long Blades    | 3 |  3.1
Air Magic      | 2 4 |  4.7
Unarmed Combat | |  2.4

Action                   |  1- 3 |  4- 6 |  7- 9 | 10-12 | 13-15 | 16-18 || total
-------------------------+-------+-------+-------+-------+-------+-------++-------
Melee: Unarmed           |     7 |       |       |       |       |       ||     7
       Kick              |     6 |       |       |       |    10 |       ||    16
       Dagger            |     7 |     2 |   236 |   356 |  1159 |   481 ||  2241
       Headbutt          |     1 |       |       |       |     9 |       ||    10
       Whip              |    58 |    39 |    33 |       |       |       ||   130
       Punch             |       |       |     1 |     7 |       |       ||     8
       Scimitar          |       |       |       |       |     1 |       ||     1
       Long sword        |       |       |       |       |    26 |   192 ||   218
 Cast: Beastly Appendage |     5 |       |     1 |       |     1 |       ||     7
       Wereblood         |     1 |     1 |     1 |       |    17 |     1 ||    21
       Invisibility      |       |       |       |       |     6 |    20 ||    26
       Tukima's Dance    |       |       |       |       |     2 |    14 ||    16
       Summon Lightning  |       |       |       |       |       |    14 ||    14
       Summon Forest     |       |       |       |       |       |     9 ||     9
Invok: Recall Ancestor   |       |       |    11 |    17 |    43 |    15 ||    86
       Ancestor Life: Ba |       |       |     1 |       |       |       ||     1
       Idealise          |       |       |       |       |     3 |     2 ||     5
Evoke: Wand              |       |     1 |     3 |    30 |    52 |    27 ||   113
       Condenser vane    |       |       |       |     1 |     5 |     6 ||    12
       Phial of floods   |       |       |       |       |     3 |     2 ||     5
       Tin of tremorston |       |       |       |       |     5 |     3 ||     8
  Use: Scroll            |     4 |       |    12 |     9 |    11 |     3 ||    39
       Potion            |       |     1 |       |       |     2 |     7 ||    10
 Stab: Sleeping          |     8 |     3 |    20 |    11 |    19 |    32 ||    93
       Distracted        |     1 |       |     6 |     6 |    21 |    19 ||    53
       Paralysed         |       |       |     1 |     4 |     2 |     2 ||     9
       Invisible         |       |       |       |       |    28 |    58 ||    86
Armor: Robe              |     5 |     4 |    14 |     1 |       |       ||    24
       Skin              |       |     7 |       |       |       |       ||     7
       Swamp dragon scal |       |       |       |    85 |    39 |       ||   124
       Troll leather arm |       |       |       |       |   100 |    79 ||   179
Dodge: Dodged            |    58 |    21 |   178 |   305 |   914 |   445 ||  1921
Block: Buckler           |       |       |       |       |   337 |   192 ||   529
       Rpst.: Long sword |       |       |       |       |    14 |    42 ||    56
